AoeStats
← Jiro

Black Forest

509413684Analyzed
4v4 RM · 4d ago on Sep 26, 2026· 49m 41s· 8 players
Game mode
Random Map
Map size
Large (8 player)
Population
200
Speed
Normal
Resources
Standard
Victory
Conquest
Starting age
Dark Age
Ending age
Imperial Age
RankedLock teamsTeams togetherTeam positionsShared explorationLock speedFull tech treeHidden civsTurbo modeCheats
Victory
Defeat
🇫🇷 Bulgarians · France
849
+14
🇨🇳 Sicilians · China
847
+14
🇲🇽 Khmer · Mexico
749
+18
🇺🇸 Italians · United States
712
+18
🇹🇷 Magyars · Türkiye
818
-17
🇹🇷 Franks · Türkiye
796
-16
🇷🇴 Portuguese · Romania
781
-16
🇮🇹 Britons · Italy
761
-15
Laserotron
1:49 Loom
15:20 Feudal Age
16:51 Wheelbarrow
15:58 Horse Collar
16:05 Double-Bit Axe
16:13 Gold Mining
16:48 Stone Mining
24:33 Castle Age
25:50 Hand Cart
25:49 Bow Saw
26:35 Stone Shaft Mining
26:50 Heavy Plow
42:52 Imperial Age
44:17 Bloodlines
44:07 Husbandry
43:54 Cavalier
46:20 Two-Man Saw
45:54 Crop Rotation
46:56 Caravan
47:26 Coinage
47:07 Guilds
49:32 Chemistry
Jiro
0:30 Loom
13:29 Feudal Age
13:56 Double-Bit Axe
14:51 Wheelbarrow
14:05 Town Watch
21:42 Castle Age
19:37 Gold Mining
20:15 Stone Mining
22:38 Bow Saw
23:23 Gold Shaft Mining
28:24 Hand Cart
31:03 Town Patrol
35:00 Imperial Age
34:21 Fortified Wall
34:06 Murder Holes
33:53 Treadmill Crane
34:34 Ballistics
36:58 Chemistry
35:43 Arrowslits
36:09 Masonry
35:24 Pikeman
36:04 Squires
36:57 Halberdier
37:43 Cavalier
39:04 Elite Throwing Axeman
40:19 Hoardings
39:49 Husbandry
42:03 Architecture
41:38 Siege Engineers
41:29 Elite Skirmisher
41:34 Ordonnance Companies
42:30 Forging
42:22 Scale Mail Armor
GK
1:00 Loom
17:22 Feudal Age
24:04 Castle Age
23:26 Horse Collar
23:36 Double-Bit Axe
27:07 Wheelbarrow
26:18 Town Watch
28:09 Bow Saw
31:29 Fervor
34:15 Murder Holes
34:30 Masonry
36:32 Hand Cart
37:58 Heavy Plow
38:16 Stone Mining
38:42 Gold Mining
40:56 Corvinian Army
41:42 Coinage
41:12 Caravan
47:55 Imperial Age
45:26 Town Patrol
46:25 Gold Shaft Mining
45:16 Pikeman
45:41 Arson
45:18 Man-at-Arms
48:45 Crossbowman
49:30 Thumb Ring
49:50 Parthian Tactics
CHFSwissMade
13:29 Feudal Age
14:01 Double-Bit Axe
16:38 Horse Collar
20:42 Castle Age
19:06 Stone Mining
21:38 Heavy Plow
21:54 Bow Saw
24:45 Padded Archer Armor
24:36 Fletching
24:44 Fletching
24:59 Gold Mining
24:59 Loom
26:06 Wheelbarrow
25:17 Town Watch
25:23 Town Watch
28:51 Leather Archer Armor
28:49 Bodkin Arrow
29:51 Hand Cart
34:40 Imperial Age
32:13 Town Patrol
32:58 Yeomen
34:32 Ballistics
34:10 Murder Holes
35:10 Gold Shaft Mining
34:56 Masonry
35:30 Elite Longbowman
36:11 Warwolf
36:32 Conscription
36:19 Bracer
37:07 Ring Archer Armor
37:47 Two-Man Saw
38:07 Chemistry
37:14 Siege Engineers
CarnavalTigre15
0:29 Loom
15:56 Feudal Age
16:24 Double-Bit Axe
16:22 Horse Collar
17:35 Arson
24:49 Castle Age
23:38 Gold Mining
23:40 Stone Mining
25:10 Forging
25:01 Scale Mail Armor
25:38 Squires
27:00 Gold Shaft Mining
28:14 Bow Saw
29:23 Wheelbarrow
28:53 Heavy Plow
29:32 Iron Casting
29:14 Chain Mail Armor
30:27 Stone Shaft Mining
30:46 Gambesons
32:53 Hand Cart
33:44 Hand Cart
37:23 Imperial Age
35:11 Pikeman
37:56 Scale Barding Armor
37:44 Halberdier
38:55 Bagains
42:12 Blast Furnace
41:53 Plate Mail Armor
41:57 Chain Barding Armor
45:17 Elite Konnik
zafishroc
1:15 Loom
15:23 Feudal Age
16:01 Horse Collar
16:54 Double-Bit Axe
19:37 Wheelbarrow
19:40 Gold Mining
22:04 Castle Age
23:08 Bow Saw
25:09 Heavy Plow
27:21 Hand Cart
27:07 Stone Mining
32:37 Imperial Age
31:12 Silk Road
32:07 Caravan
35:37 Forging
35:27 Scale Mail Armor
38:16 Squires
38:02 Arson
38:56 Iron Casting
38:36 Chain Mail Armor
38:51 Guilds
40:14 Crop Rotation
40:53 Two-Man Saw
41:12 Blast Furnace
40:42 Plate Mail Armor
46:49 Chemistry
46:10 Ballistics
49:21 Conscription
48:22 Elite Genoese Crossbowman
49:29 Pirotechnia
Silver
5:09 Loom
11:42 Feudal Age
13:11 Double-Bit Axe
14:12 Wheelbarrow
13:44 Horse Collar
17:58 Castle Age
16:33 Gold Mining
18:54 Bow Saw
18:57 Heavy Plow
18:51 Stone Mining
21:35 Stone Shaft Mining
26:08 Fervor
29:43 Imperial Age
30:41 Ballistics
30:18 Murder Holes
31:55 Chemistry
31:54 Gold Shaft Mining
32:06 Hand Cart
32:31 Crop Rotation
33:12 Conscription
32:13 Elite Ballista Elephant
35:54 Pikeman
42:42 Double Crossbow
43:17 Arson
42:52 Halberdier
43:17 Arson
46:11 Tusk Swords
46:46 Hoardings
46:17 Caravan
47:04 Scale Mail Armor
47:14 Forging
47:13 Scale Barding Armor
47:34 Siege Engineers
48:59 Iron Casting
48:39 Chain Mail Armor
48:45 Chain Barding Armor
50:26 Blast Furnace
50:01 Plate Barding Armor
50:07 Husbandry
50:18 Bloodlines
49:29 Elite Battle Elephant
49:30 Cavalier
摘星怪
0:44 Loom
13:50 Feudal Age
18:28 Castle Age
17:12 Double-Bit Axe
20:16 Bow Saw
21:30 Wheelbarrow
26:11 Stone Mining
27:32 Horse Collar
29:10 Stone Shaft Mining
28:28 Gold Mining
30:10 Hand Cart
36:45 Imperial Age
34:49 First Crusade
35:57 Fletching
36:07 Padded Archer Armor
36:21 Bodkin Arrow
37:24 Gold Shaft Mining
36:46 Town Watch
37:41 Masonry
38:35 Chemistry
37:56 Ballistics
37:47 Masonry
37:00 Cranequins
37:39 Heavy Mounted Crossbowman
38:45 Conscription
38:49 Pikeman
39:14 Gambesons
39:15 Arson
39:40 Murder Holes
39:50 Halberdier
40:31 Squires
40:44 Bracer
43:04 Heavy Plow
42:39 Elite Serjeant
43:44 Forging
43:34 Scale Mail Armor
43:52 Leather Archer Armor
44:20 Elite Serjeant
45:58 Iron Casting
45:38 Chain Mail Armor
47:41 Hauberk
48:41 Blast Furnace
48:12 Plate Mail Armor
Connection lost

Rejoining the realm…

Still unreachable

The connection could not be restored.

Session expired

The server has moved on; the page needs a fresh start.